 Dungeon Crawl Stone Soup version 0.15.2 (webtiles) character file.

5215 kroki the Summoner (level 10, -1/47 HPs)
             Began as a Vine Stalker Summoner on Feb 13, 2015.
             Was a High Priest of Cheibriados.
             Slain by an orc warrior
             ... wielding a +0 trident
              (11 damage)
             ... on Level 3 of the Orcish Mines.
             The game lasted 00:33:30 (12336 turns).

kroki the Summoner (Vine Stalker Summoner)         Turns: 12336, Time: 00:33:31

HP  -1/47        AC  9     Str 22      XL: 10   Next: 61%
MP   0/23        EV 10     Int 26      God: Cheibriados [*****.]
Gold 1167        SH  0     Dex 29      Spells:  5 memorised,  3 levels left

rFire  + . .     SeeInvis .       - Unarmed
rCold  . . .     Clarity  .     e - +1 ring mail {rF+}
rNeg   . . .     rCorr    .     (no shield)
rPois  +         rRot     +     k - +0 helmet
rElec  .         Spirit   +     H - +0 cloak {rPois}
SustAb .         Warding  .     n - +0 pair of gloves
rMut   .         Stasis   .     (no boots)
Gourm  .                        (no amulet)
MR     ++...                    y - ring of wizardry {Wiz+, !d}
                                j - ring of protection from magic {MR+, !d}

@: very slightly contaminated, very slow, very resistant to hostile
enchantments, fairly stealthy
A: fangs 3, regeneration 2, magic shield, antimagic bite, no device heal 3, rot
immunity
a: Bend Time, Temporal Distortion, Slouch, Step From Time, Renounce Religion


You were on level 3 of the Orcish Mines.
You worshipped Cheibriados.
Cheibriados was extremely pleased with you.
You were hungry.

You visited 3 branches of the dungeon, and saw 13 of its levels.
You also visited: Ossuary and Bailey.

You collected 1167 gold pieces.

Inventory:

Missiles
 h - 133 stones (quivered)
Armour
 e - a +1 ring mail of fire resistance (worn)
   (You took it off an orc on level 5 of the Dungeon)
 k - a +0 helmet (worn)
   (You found it on level 2 of the Dungeon)
 n - a +0 pair of gloves (worn)
   (You found it on level 2 of the Dungeon)
 v - a +0 cloak
   (You found it on level 5 of the Dungeon)
 G - the +2 crystal plate armour of Psu Dian {Dex+3 Int+5}
   (You found it in a bailey)

   It affects your intelligence (+5).
   It affects your dexterity (+3).
 H - a +0 cloak of poison resistance (worn)
   (You found it in a bailey)
Magical devices
 w - a wand of polymorph (3)
   (You found it on level 8 of the Dungeon)
 E - a wand of frost (8)
   (You found it on level 8 of the Dungeon)
Comestibles
 g - 2 chunks of orc flesh
 i - 2 bread rations
Scrolls
 m - 6 scrolls of remove curse
 q - 5 scrolls of enchant armour
 F - a scroll of identify
Jewellery
 a - an uncursed ring of sustain abilities {SustAb}
   (You found it on level 6 of the Dungeon)
 j - a ring of protection from magic (left hand) {MR+, !d}
   (You found it on level 2 of the Dungeon)
 o - a cursed ring of fire {rF+, rC-}
   (You found it on level 3 of the Dungeon)
 y - a ring of wizardry (right hand) {Wiz+, !d}
   (You found it on level 8 of the Dungeon)
 B - an uncursed ring of protection from fire {unknown}
   (You found it in a bailey)
 C - an uncursed ring of ice {rC+, rF-}
   (You found it on level 8 of the Dungeon)
Potions
 c - a potion of heal wounds
 d - 7 potions of curing
 f - 2 potions of might
 r - a potion of mutation {!q}
 s - a potion of brilliance
 t - a potion of restore abilities
 z - a potion of invisibility
Books
 b - a book of Callings
 l - a book of Maledictions
   (You found it on level 7 of the Dungeon)
 u - a book of Summonings
   (You found it on level 6 of the Dungeon)
 D - a book of Power
   (You found it on level 8 of the Dungeon)
Magical staves
 p - an uncursed staff of poison {rPois}
   (You found it on level 6 of the Dungeon)
 x - a cursed staff of death {rN+}
   (You found it on level 5 of the Dungeon)


   Skills:
 + Level 2.6 Fighting
 - Level 1.5 Dodging
 + Level 5.4 Stealth
 - Level 6.0 Unarmed Combat
 - Level 5.0 Spellcasting
 - Level 10.6 Summonings
 - Level 6.0 Ice Magic
 + Level 4.1 Invocations


You had 3 spell levels left.
You knew the following spells:

 Your Spells              Type           Power        Failure   Level  Hunger
a - Summon Small Mammal   Summ           ####         1%          1    None
b - Call Imp              Summ           ######..     1%          2    None
c - Call Canine Familiar  Summ           ######..     1%          3    ##.....
d - Summon Ice Beast      Ice/Summ       #####...     1%          4    ###....
e - Monstrous Menagerie   Summ           ######....   7%          6    ######.


Dungeon Overview and Level Annotations

Branches:
Dungeon (9/15)             Temple (1/1) D:4             Orc (3/4) D:9
    Elf (0/3) Orc:3
   Lair: D:8-11

Altars:
Ashenzari
Cheibriados
Dithmenos
Elyvilon
Fedhas
Kikubaaqudgha
Makhleb
Nemelex Xobeh
Okawaru
Qazlal
Sif Muna
Trog
Vehumet
Xom
Yredelemnul
Zin
The Shining One
Beogh

Shops:
D:5 ?   D:6 !

Annotations:
D:6 exclusions: electric eel and 5 more exclusions
D:8 1 exclusion, Psyche


Innate Abilities, Weirdness & Mutations

You have razor-sharp teeth.
You heal very quickly.
When hurt, damage is shared between your health and your magic reserves.
Your bite disrupts and absorbs the magic of your enemies.
Potions and wands cannot restore your health.
You are immune to rotting.


Message History

The orc warrior shouts!
The orc moves out of view.
An orc comes into view. It is wielding a dagger.
An orc priest comes into view. It is wielding a club.
The orc wizard shouts!
The orc warrior hits you from afar with a trident!
Found a stone staircase leading down.
You hit the orc wizard. You bite the orc wizard.
The orc wizard's magic leaks into the air.
You drain its magic.
You feel invigorated.
The orc wizard is lightly wounded.
The orc wizard hits you but does no damage.
Unknown command.
You hit the orc wizard. You bite the orc wizard.
The orc wizard's magic leaks into the air.
You drain its magic.
You feel invigorated.
The orc wizard is severely wounded.
The orc warrior misses you.
The orc wizard glows brightly for a moment.
You hit the orc wizard.
You kill the orc wizard!
Cheibriados thoroughly appreciates the change of pace.
The orc warrior hits you but does no damage.
You hit the orc priest but do no damage.
You bite the orc priest. You drain its power.
You feel invigorated.
The orc priest is lightly wounded.
The orc priest hits you but does no damage.
The orc warrior closely misses you.
You punch the orc priest! You bite the orc priest. You drain its power.
The orc priest is heavily wounded.
The orc hits you but does no damage.
The orc priest hits you but does no damage.
You barely miss the orc priest. Your bite misses the orc priest.
The orc priest is heavily wounded.
The orc warrior hits you from afar with a trident.
The orc hits you but does no damage.
You hit the orc priest. You bite the orc priest. You drain its power.
You feel invigorated.
You kill the orc priest!
Cheibriados appreciates the change of pace.
The orc warrior hits you but does no damage.
The orc hits you but does no damage.
You hit the orc. Your bite misses the orc.
The orc is moderately wounded.
The orc hits you but does no damage. The orc warrior closely misses you.
The orc hits you.
You hit the orc but do no damage. Your bite misses the orc.
The orc is moderately wounded.
The orc hits you but does no damage.
You hit the orc but do no damage. Your bite misses the orc.
The orc is moderately wounded.
The orc warrior hits you but does no damage.
The orc barely misses you. The orc hits you but does no damage.
You barely miss the orc. You punch the orc, but do no damage. You bite the orc.
You drain its power.
You feel invigorated.
The orc is almost dead.
The orc hits you.
The orc warrior hits you from afar with a trident.
You hit the orc but do no damage. You bite the orc. You drain its power.
You feel invigorated.
You kill the orc!
Cheibriados thoroughly appreciates the change of pace.
The orc hits you.
The orc warrior hits you from afar with a trident.
You closely miss the orc. You bite the orc. You drain its power.
You feel invigorated.
You kill the orc!
Cheibriados appreciates the change of pace.
You can now step out of the time flow.
Cheibriados raises the support of your attributes as your movement slows.
The orc warrior misses you.
Throwing (i - inventory):
h - 135 stones (quivered)
Press: ? - help, Shift-Dir - straight line, f - orc warrior
Aim: an orc warrior, wielding a trident and wearing a plate armour You throw a stone.
The stone barely misses the orc warrior.
Throwing (i - inventory):
h - 134 stones (quivered)
Press: ? - help, Shift-Dir - straight line, f/p - orc warrior
Aim: an orc warrior, wielding a trident and wearing a plate armour You throw a stone.
The stone closely misses the orc warrior.
The orc warrior hits you from afar with a trident!
You are too injured to fight recklessly!
The orc warrior hits you with a trident!
The orc warrior hits you with a trident.
Found a stone staircase leading up.
Items here: %% ))) [[ You hit the orc warrior but do no damage.
You bite the orc warrior, but do no damage.
The orc warrior hits you with a trident!
* * * LOW HITPOINT WARNING * * *
Unknown command.
Casting: Monstrous Menagerie
Confirm with . or Enter, or press ? or * to list all spells.
You miscast Monstrous Menagerie.
You are very lightly contaminated with residual magic.
Your head hurts.
You are feeling hungry.
The orc warrior hits you with a trident!
You die...

... ............##
.............#(.....#
. ...><.............##
#..............#(.####
##.....#.#........##
#...#..........#.$$#
##.......##.#...#.##
..#.....o.#####....##
........@##.##.#..##
........%.....).###
........#....).#>##
#......##.........#
##.##.......#....## #
.....#.#.##.###
...$.###...### .#.#
##.## ## ###


You could see an orc warrior.

Vanquished Creatures
  4 orc warriors
  A phantom (D:7)
  2 elf zombies (Ossuary)
  3 giant frogs
  A goliath beetle (D:8)
  A centaur zombie (Ossuary)
  A crimson imp (D:8)
  10 orc wizards
  A black bear skeleton (D:7)
  7 orc priests
  3 worker ants
  An iguana (D:8)
  A hound skeleton (D:7)
  4 gnolls
  A worker ant zombie (D:5)
  3 adders
  A shadow imp (D:5)
  A giant mite (D:2)
  4 worms
  A white imp (D:9)
  An adder zombie (Ossuary)
  2 giant geckos
  45 orcs
  2 ball pythons
  10 bats
  5 giant cockroaches
  10 hobgoblins
  2 jackals (D:2)
  7 kobolds
  3 quokkas
  3 giant newts
  10 goblins
  6 hobgoblin zombies
  7 kobold zombies (Ossuary)
  An orc skeleton (D:5)
  4 orc zombies
  14 rats
  A rat zombie (Ossuary)
184 creatures vanquished.

Vanquished Creatures (collateral kills)
  Urug (Orc:2)
  Nergalle (Orc:2)
  A cyclops (Orc:3)
  2 trolls (Orc:2)
  A redback (Orc:2)
  A warg (Orc:2)
  2 sky beasts
  A phantom (D:5)
  An ice beast (D:9)
  7 orc warriors
  6 ogres
  The ghost of flegu the Poker, an average MfSk (D:3)
  2 centaurs
  A gnoll sergeant (D:8)
  2 giant frogs
  3 scorpions
  A warg zombie (Orc:2)
  An eye of draining (D:9)
  A goliath beetle (D:6)
  3 hounds
  11 orc priests
  A quasit (Orc:1)
  A jelly (D:7)
  A human zombie (Ossuary)
  A gnoll shaman (D:7)
  9 orc wizards
  An iguana (D:4)
  5 worker ants
  Ijyb (D:4)
  3 big kobold zombies (Ossuary)
  2 mummies (Ossuary)
  7 adders
  10 gnolls
  A giant mite (D:7)
  A worm (D:3)
  2 giant geckos
  85 orcs
  3 bats
  2 giant cockroaches (D:2)
  11 hobgoblins
  5 jackals
  5 kobolds
  A quokka (D:2)
  A giant newt (D:1)
  7 goblins
  A goblin zombie (Ossuary)
  5 hobgoblin zombies (Ossuary)
  A jackal zombie (D:7)
  A kobold zombie (Ossuary)
  6 orc zombies (Ossuary)
  5 rats
  A rat zombie (Ossuary)
236 creatures vanquished.

Vanquished Creatures (others)
  A harpy (Orc:2)
  An orc knight (Bailey)
  A manticore (Bailey)
  A wolf (Orc:1)
  6 ice beasts
  4 hounds
  3 white imps
17 creatures vanquished.

Grand Total: 437 creatures vanquished

Notes
Turn   | Place    | Note
--------------------------------------------------------------
     0 | D:1      | kroki, the Vine Stalker Summoner, began the quest for the Orb.
     0 | D:1      | Reached XP level 1. HP: 9/9 MP: 3/3
   198 | D:1      | Reached XP level 2. HP: 5/13 MP: 4/6
   343 | D:1      | Learned a level 2 spell: Call Imp
   533 | D:1      | Reached skill level 3 in Spellcasting
   873 | D:1      | Reached XP level 3. HP: 16/16 MP: 9/9
   878 | D:1      | Learned a level 3 spell: Call Canine Familiar
  1345 | D:2      | Reached skill level 4 in Spellcasting
  1380 | D:2      | HP: 2/16 [hobgoblin (3)]
  1380 | D:2      | Reached XP level 4. HP: 2/21 MP: 1/12
  2102 | D:2      | Learned a level 4 spell: Summon Ice Beast
  2321 | D:3      | HP: 2/21 [orc priest/divine providence (9)]
  2526 | D:3      | Reached skill level 5 in Spellcasting
  2526 | D:3      | Reached XP level 5. HP: 17/24 MP: 10/17
  2621 | D:3      | Noticed flegu's ghost (average MfSk)
  2642 | D:3      | Killed flegu's ghost
  2642 | D:3      | Reached skill level 2 in Ice Magic
  2883 | D:3      | Reached skill level 3 in Ice Magic
  2883 | D:3      | Gained mutation: You heal very quickly. [vine stalker growth]
  2883 | D:3      | Reached XP level 6. HP: 12/28 MP: 7/18
  3592 | D:4      | Found a staircase to the Ecumenical Temple.
  3597 | D:4      | Noticed Ijyb
  3613 | D:4      | Killed Ijyb
  3613 | D:4      | Reached skill level 4 in Ice Magic
  3626 | Temple   | Entered the Ecumenical Temple
  3695 | Temple   | Became a worshipper of Cheibriados the Contemplative
  4521 | D:4      | Found an iron altar of Okawaru.
  4521 | D:4      | Found a blossoming altar of Fedhas.
  4575 | D:4      | Found a radiant altar of Vehumet.
  4825 | D:4      | Reached XP level 7. HP: 27/32 MP: 5/20
  4961 | D:5      | Entered Level 5 of the Dungeon
  5051 | D:5      | Reached skill level 5 in Ice Magic
  5114 | D:5      | Reached skill level 5 in Summonings
  5133 | D:5      | Found a sand-covered staircase.
  5138 | Ossuary  | Entered an ossuary
  5507 | Ossuary  | HP: 2/32 [mummy (10)]
  5514 | Ossuary  | HP: 5/32 [big kobold zombie (1)]
  5523 | Ossuary  | HP: 6/32 [orc zombie (1)]
  5656 | D:5      | HP: 7/32 [something (4)]
  5657 | D:5      | HP: 3/32 [something (4)]
  5832 | D:5      | Found Wiyrr's Magic Scroll Shoppe.
  5889 | D:5      | Reached skill level 6 in Ice Magic
  5907 | D:5      | Gained mutation: You have razor-sharp teeth. [vine stalker growth]
  5907 | D:5      | Reached XP level 8. HP: 24/36 MP: 11/21
  5980 | D:5      | Reached skill level 1 in Unarmed Combat
  6364 | D:5      | Reached skill level 2 in Unarmed Combat
  6515 | D:6      | HP: 9/36 [electric eel/bolt of electricity (5)]
  6520 | D:6      | HP: 6/36 [electric eel/bolt of electricity (5)]
  6683 | D:6      | Reached skill level 3 in Unarmed Combat
  7343 | D:6      | Found Ylap's Distillery.
  7368 | D:6      | Learned a level 6 spell: Monstrous Menagerie
  7573 | D:7      | Reached skill level 4 in Unarmed Combat
  7579 | D:7      | Reached skill level 6 in Summonings
  7937 | D:7      | Acquired Cheibriados' first power
  7961 | D:7      | Reached skill level 5 in Unarmed Combat
  8004 | D:7      | Reached skill level 7 in Summonings
  8048 | D:7      | Found a glowing silver altar of Zin.
  8054 | D:7      | Reached XP level 9. HP: 36/39 MP: 22/22
  8253 | D:8      | Noticed Psyche
  8578 | D:8      | Reached skill level 6 in Unarmed Combat
  9088 | D:8      | Reached skill level 8 in Summonings
  9192 | D:8      | Noticed a wandering mushroom
  9407 | D:9      | Found a staircase to the Orcish Mines.
  9436 | Orc:1    | Entered Level 1 of the Orcish Mines
  9536 | Orc:1    | Acquired Cheibriados' second power
  9536 | Orc:1    | Reached skill level 9 in Summonings
  9600 | Orc:1    | Found a flagged portal.
  9613 | Bailey   | Entered a bailey
 10256 | Bailey   | Noticed an orc knight
 10282 | Bailey   | Killed an orc knight
 10452 | Bailey   | Got a slimy crystal plate armour
 10501 | Bailey   | Identified the +2 crystal plate armour of Psu Dian {Dex+3 Int+5} (You found it in a bailey)
 10821 | Orc:2    | Reached skill level 10 in Summonings
 10958 | Orc:2    | Reached XP level 10. HP: 40/44 MP: 23/23
 10973 | Orc:2    | Noticed an orc sorcerer
 10978 | Orc:2    | HP: 9/44 [orc sorcerer/bolt of negative energy (35)]
 10978 | Orc:2    | HP: 4/44 [orc/mace (5)]
 10982 | Orc:2    | Reached skill level 1 in Invocations
 10984 | Orc:2    | an orc sorcerer changed into a redback
 10990 | Orc:2    | Reached skill level 2 in Invocations
 11291 | Orc:2    | Reached skill level 3 in Stealth
 11309 | Orc:2    | Found a roughly hewn altar of Beogh.
 11787 | Orc:2    | Noticed Nergalle
 11800 | Orc:2    | Killed Nergalle
 11800 | Orc:2    | Reached skill level 1 in Fighting
 11800 | Orc:2    | Reached skill level 4 in Stealth
 11800 | Orc:2    | Reached skill level 3 in Invocations
 11979 | Orc:2    | Noticed Urug
 11994 | Orc:2    | Killed Urug
 11994 | Orc:2    | Reached skill level 2 in Fighting
 11994 | Orc:2    | Reached skill level 5 in Stealth
 12197 | Orc:3    | Noticed a cyclops
 12203 | Orc:3    | Killed a cyclops
 12203 | Orc:3    | Reached skill level 4 in Invocations
 12313 | Orc:3    | Found a staircase to the Elven Halls.
 12331 | Orc:3    | Acquired Cheibriados' third power
 12335 | Orc:3    | HP: 9/47 [orc warrior/trident (7)]
 12336 | Orc:3    | Slain by an orc warrior

Action                   |  1- 3 |  4- 6 |  7- 9 | 10-12 || total
-------------------------+-------+-------+-------+-------++-------
Melee: Unarmed           |     6 |       |   225 |    77 ||   308
       Short sword       |    90 |   209 |    85 |       ||   384
Throw: Stone             |       |     5 |    28 |     4 ||    37
 Cast: Summon Small Mamm |    10 |       |       |       ||    10
       Call Imp          |    14 |    29 |     1 |       ||    44
       Call Canine Famil |     4 |    21 |    18 |       ||    43
       Summon Ice Beast  |       |     5 |   124 |     3 ||   132
       Monstrous Menager |       |       |     4 |    21 ||    25
Evoke: Wand              |       |       |     1 |     2 ||     3
  Use: Scroll            |       |    12 |    14 |       ||    26
       Potion            |       |       |     3 |     2 ||     5
 Stab: Sleeping          |     2 |     8 |     8 |     1 ||    19
       Distracted        |       |     3 |     4 |     1 ||     8
  Eat: Bread ration      |     1 |       |     2 |       ||     3
       Chunk             |       |    12 |    24 |    14 ||    50
       Beef jerky        |       |       |     1 |       ||     1
       Pizza             |       |       |     1 |       ||     1

Vault maps used:
D:1:      shiori_angband_town, minmay_crystal_water, moated_statue
D:3:      lemuel_upstairs_altar
D:4:      gammafunk_temple_overflow_claw, minmay_temple_entry_glassed_door,
          cheibrodos_gnoll_hut, uniq_iyjb
D:5:      enter_ossuary_2, first_bread, serial_shops, shop_fountains,
          minmay_misc_feat_tiny
D:6:      serial_shops, shop, nrook_pool_corridor, serial_bayou_lagoon_b
D:7:      kennysheep_little_box
D:8:      hangedman_tree_tricks, uniq_psyche
D:9:      david_orc_2, minmay_fire_ice_demons, uniq_grum, uniq_erolcha
Temple:   circular_temple_13
Orc:1:    enter_bailey_2
Orc:2:    minmay_orc_temple_b, uniq_nergalle, uniq_urug
Orc:3:    nicolae_orc_pool_cavern
Ossuary:  ossuary_tomb_1
Bailey:   bailey_polearm_1, bailey

Table legend:
 A = Turns spent in this place as a percentage of turns spent in the entire game.
 B = Non-inter-level travel turns spent in this place as a percentage of non-inter-level travel turns spent in the entire game.
 C = Inter-level travel turns spent in this place as a percentage of turns spent in this place.
 D = Turns resting spent in this place as a percentage of non-inter-level travel turns spent in this place.
 E = Turns spent auto-exploring this place as a percentage of non-inter-level travel turns spent in this place.
 F = Non-inter-level travel turns spent in this place divided by the number of levels of this place that you've seen.
                   A       B       C       D       E      F
               +-------+-------+-------+-------+-------+----------------------
         Total | 100.0 | 100.0 |   0.5 |   4.1 |  10.5 | 263.4
       Dungeon |  69.2 |  69.2 |   0.5 |   4.1 |   9.8 | 303.9
        Temple |   0.9 |   0.9 |   2.9 |   0.0 |  26.5 |  34.0
  Orcish Mines |  21.3 |  21.3 |   0.6 |   3.1 |  10.7 | 280.3
       Ossuary |   4.3 |   4.3 |   0.0 |   5.3 |   7.0 | 171.0
        Bailey |   4.3 |   4.3 |   0.0 |   8.8 |  19.4 | 170.0
               +-------+-------+-------+-------+-------+----------------------

Table legend:
 A = Kills in this place as a percentage of kills in entire the game.
 B = Kills by you in this place as a percentage of kills by you in the entire game.
 C = Kills by friends in this place as a percentage of kills by friends in the entire game.
 D = Other kills in this place as a percentage of other kills in the entire game.
 E = Experience gained in this place as a percentage of experience gained in the entire game.
 F = Experience gained in this place divided by the number of levels of this place that you have seen.
                   A       B       C       D       E      F
               +-------+-------+-------+-------+-------+----------------------
         Total | 100.0 | 100.0 | 100.0 | 100.0 | 100.0 | 496.7
       Dungeon |  53.3 |  65.8 |  43.8 |   0.0 |  39.7 | 328.6
  Orcish Mines |  34.3 |  23.9 |  42.6 |   0.0 |  52.4 | 1301.7
       Ossuary |   9.3 |  10.3 |   8.5 |   0.0 |   4.5 | 332.0
        Bailey |   3.1 |   0.0 |   5.1 | 100.0 |   3.4 | 256.0
               +-------+-------+-------+-------+-------+----------------------
